 Dungeon Crawl Stone Soup version 0.18-a0-750-g37044d6 (webtiles) character file.

7515 fredomojojo the Carver (level 10, -2/91 HPs)
             Began as a Minotaur Fighter on Dec 11, 2015.
             Was a High Priest of Okawaru.
             Slain by an unseen horror (5 damage)
             ... on level 9 of the Dungeon on Dec 12, 2015.
             The game lasted 01:42:38 (8782 turns).

fredomojojo the Carver (Minotaur Fighter)           Turns: 8782, Time: 01:42:38

Health: -2/91      AC: 16    Str: 19    XL:     10   Next: 95%
Magic:  11/11      EV: 10    Int:  5    God:    Okawaru [*****.]
Gold:   652        SH: 10    Dex: 11    Spells: 0 memorised, 9 levels left

rFire  + . .     SeeInvis .     V - +2 falchion
rCold  . . .     Clarity  +     G - +0 plate armour
rNeg   + . .     SustAt   .     y - +2 buckler
rPois  .         Gourm    .     (helmet unavailable)
rElec  .         Spirit   .     (no cloak)
rCorr  .         Dismiss  .     (no gloves)
rMut   .         Stasis   .     (no boots)
MR     .....                    h - amulet of clarity
Stlth  ..........               T - ring of positive energy
                                g - ring of protection from fire

@: not resistant to hostile enchantments, extremely unstealthy
A: retaliatory headbutt, claws 1, horns 3, repulsion field 1, large bone plates
1, deterioration 1, weak 2
a: Heroism, Finesse, Renounce Religion


You were on level 9 of the Dungeon.
You worshipped Okawaru.
Okawaru was extremely pleased with you.
You were not hungry.

You visited 1 branch of the dungeon, and saw 10 of its levels.
You also visited: Sewer.

You collected 652 gold pieces.

Inventory:

Hand Weapons
 f - a +0 battleaxe of draining
 i - a +0 long sword
 E - a +0 hand axe of electrocution
 N - a +0 long sword
 U - a +0 scimitar
 V - a +2 falchion (weapon)
 W - a cursed +1 dire flail
 X - a +1 battleaxe of freezing
Missiles
 d - 2 tomahawks (quivered)
 l - 170 stones
 v - 2 throwing nets
Armour
 y - a +2 buckler (worn)
 G - a +0 plate armour (worn)
Jewellery
 g - a ring of protection from fire (left claw)
 h - an amulet of clarity (around neck)
 T - a ring of positive energy (right claw)
Wands
 p - a wand of disintegration (15)
 x - a wand of fireball (6)
 H - a wand of fire (2)
 S - a wand of lightning (3)
Scrolls
 a - 2 scrolls of identify
 c - a scroll of fear
 j - 2 scrolls of blinking
 k - 5 scrolls of teleportation
 n - 3 scrolls of recharging
 q - 3 scrolls of noise
 s - 2 scrolls of immolation {unknown}
 w - 2 scrolls of remove curse
 A - 2 scrolls of enchant weapon {unknown}
 C - 2 scrolls of enchant armour {unknown}
 I - 4 scrolls of random uselessness {unknown}
 L - a scroll of fog
 R - a scroll of magic mapping
Potions
 b - 2 potions of curing
 r - 3 potions of flight
 D - a potion of magic {unknown}
 F - 2 potions of brilliance {unknown}
 J - 2 potions of cancellation {unknown}
 K - a potion of agility
 M - a potion of invisibility {unknown}
 O - 2 potions of berserk rage {unknown}
 P - a potion of heal wounds {unknown}
 Q - 2 potions of haste {unknown}
Books
 u - a book of Callings

   Spells                             Type                      Level
   a - Summon Small Mammal            Summoning                    1
   b - Call Imp                       Summoning                    2
   c - Call Canine Familiar           Summoning                    3
   d - Summon Guardian Golem          Hexes/Summoning              3
   e - Summon Lightning Spire         Summoning/Air                4
   f - Summon Ice Beast               Ice/Summoning                4
Miscellaneous
 Y - a sack of spiders
 Z - an ornate deck of changes
Comestibles
 e - 5 bread rations
 m - 6 slices of pizza
 o - 11 fruits
 t - 5 beef jerkies
 z - 4 meat rations
 B - 11 royal jellies


   Skills:
 + Level 9.6 Fighting
 + Level 10.6 Long Blades
 + Level 2.0 Throwing
 + Level 10.5 Armour
 + Level 4.7 Dodging
 + Level 0.5 Stealth
 + Level 8.9 Shields
 + Level 3.3 Invocations
 + Level 0.3 Evocations


You had 9 spell levels left.
You didn't know any spells.

Dungeon Overview and Level Annotations

Branches:
Dungeon (10/15)            Temple (0/1) D:7
   Lair: D:8-11         Orc: D:9-12

Altars:
Ashenzari
Cheibriados
Okawaru
Pakellas
Qazlal
Ru
Trog
Xom

Shops:
D:4 %   D:8 ![*   D:10 [


Innate Abilities, Weirdness & Mutations

You reflexively headbutt those who attack you in melee.
You have a pair of large horns on your head.
You have sharp fingernails.
You are surrounded by a mild repulsion field (EV +2).
You are partially covered in large bone plates (AC +2, SH +2).
Your body sometimes deteriorates upon taking damage.
You are very weak. (Str -4)


Message History

There is an open door here.
Something hits you.
* * * LOW HITPOINT WARNING * * *
You block its attack. Something hits you but does no damage.
Something hits you but does no damage. Something hits you.
* * * LOW HITPOINT WARNING * * *
Something hits you but does no damage. You block its attack.
Something hits you but does no damage. Something completely misses you.
There is an open door here.
Something hits you.
* * * LOW HITPOINT WARNING * * *
You block its attack. Something hits you but does no damage.
You slash something! You headbutt something.
Something hits you but does no damage. Something hits you.
You die...

#..........##.......
#..........(........
#...................
#...................
#..........##'######
#..........#........
###'########........
#.# #....=...... #@#
#...........
#.#####.....#+####
#.##..'.......#
#.##.##.....###
#.##.######.# #.##.#
#.# #.#..######.#
#.#<......#.#
#.#.#####.#.#


There were no monsters in sight!

Vanquished Creatures
  2 hill giants (D:10)
  Maurice (D:8)
  A troll (D:5)
  Sigmund (D:6)
  A deep elf mage (D:9)
  6 humans (D:6)
  A hungry ghost (D:7)
  Duvessa (D:5)
  The ghost of bli the Conjurer, an amateur GrCj (D:4)
  3 ice beasts
  A water moccasin (D:6)
  2 sky beasts (D:8)
  4 ogres
  6 orc warriors
  2 crocodiles
  An eye of draining (D:9)
  8 giant frogs
  Blork the orc (D:5)
  A wyvern zombie (D:7)
  A water moccasin zombie (D:6)
  Dowan (D:5)
  A water moccasin skeleton (D:5)
  5 scorpions
  An electric eel (D:9)
  3 wights (D:10)
  3 jellies (D:9)
  5 hounds
  8 orc priests
  6 crimson imps
  4 giant frog skeletons
  A gnoll shaman (D:7)
  A centaur skeleton (D:8)
  Ijyb (D:3)
  4 iguanas
  8 worker ants
  5 orc wizards
  2 hound skeletons
  A worker ant zombie (D:6)
  Robin (D:2)
  10 gnolls
  8 adders
  A river rat (D:6)
  3 shadow imps
  6 oozes
  5 worms
  37 orcs
  4 bats
  5 giant cockroaches
  18 goblins
  8 hobgoblins
  13 jackals
  3 quokkas
  2 ball pythons (D:3)
  9 giant geckos
  A giant gecko zombie (D:6)
  5 giant newts
  8 kobolds
  2 quokka skeletons
  12 rats
266 creatures vanquished.

Vanquished Creatures (collateral kills)
  An orc (D:6)
1 creature vanquished.

Grand Total: 267 creatures vanquished

Notes
Turn   | Place    | Note
--------------------------------------------------------------
     0 | D:1      | fredomojojo the Minotaur Fighter began the quest for the Orb.
     0 | D:1      | Reached XP level 1. HP: 19/19 MP: 0/0
   172 | D:1      | Reached XP level 2. HP: 27/27 MP: 1/1
   394 | D:1      | Reached skill level 4 in Fighting
   699 | D:2      | Found a shattered altar of Ashenzari.
   842 | D:2      | Found an iron altar of Okawaru.
   881 | D:2      | Became a worshipper of Warmaster Okawaru
   990 | D:2      | Reached XP level 3. HP: 29/33 MP: 2/2
  1160 | D:2      | Noticed Robin
  1170 | D:2      | Killed Robin
  1170 | D:2      | Reached XP level 4. HP: 38/41 MP: 3/3
  1436 | D:3      | Found an oddly glowing altar of Pakellas.
  1576 | D:3      | Noticed Ijyb
  1583 | D:3      | Killed Ijyb
  1583 | D:3      | Reached skill level 1 in Dodging
  2022 | D:4      | Reached skill level 5 in Fighting
  2022 | D:4      | Reached XP level 5. HP: 46/48 MP: 4/4
  2333 | D:4      | Noticed bli's ghost (amateur GrCj)
  2346 | D:4      | Killed bli's ghost
  2346 | D:4      | Reached skill level 5 in Armour
  2346 | D:4      | Reached XP level 6. HP: 37/56 MP: 5/5
  2501 | D:4      | Found Egruz's Food Emporium.
  2611 | D:4      | Reached * piety under Okawaru
  2789 | D:4      | Noticed a moth of wrath
  2792 | D:4      | Found a bloodstained altar of Trog.
  3069 | D:5      | Entered Level 5 of the Dungeon
  3129 | D:5      | Reached XP level 7. HP: 30/61 MP: 4/6
  3233 | D:5      | Reached skill level 5 in Long Blades
  3285 | D:5      | Reached skill level 6 in Armour
  3323 | D:5      | Reached skill level 5 in Shields
  3547 | D:5      | Noticed a troll
  3570 | D:5      | Killed a troll
  3702 | D:5      | Noticed Blork the orc
  3712 | D:5      | Killed Blork the orc
  3712 | D:5      | Reached skill level 1 in Invocations
  3712 | D:5      | Reached XP level 8. HP: 64/71 MP: 4/7
  3713 | D:5      | Noticed Duvessa
  3714 | D:5      | Noticed Dowan
  3727 | D:5      | Killed Duvessa
  3735 | D:5      | Killed Dowan
  3735 | D:5      | Reached ** piety under Okawaru
  3903 | D:6      | Reached skill level 7 in Fighting
  3932 | D:6      | Found a glowing drain.
  3936 | Sewer    | Entered a sewer
  4384 | D:6      | Found a shimmering altar of Xom.
  4457 | D:6      | Reached XP level 9. HP: 59/79 MP: 7/9
  4465 | D:6      | Reached *** piety under Okawaru
  4465 | D:6      | Reached skill level 8 in Armour
  4617 | D:6      | Noticed Sigmund
  4826 | D:6      | Killed Sigmund
  4826 | D:6      | Reached skill level 1 in Throwing
  4830 | D:6      | Found an oddly glowing altar of Pakellas.
  4911 | D:6      | Found a sacrificial altar of Ru.
  5212 | D:7      | Reached skill level 9 in Armour
  5745 | D:7      | Reached XP level 10. HP: 21/90 MP: 8/11
  5887 | D:7      | Found a staircase to the Ecumenical Temple.
  6201 | D:8      | Found Pucyhy's Armour Boutique.
  6320 | D:8      | Found Sago's Assorted Antiques.
  6345 | D:8      | Found a snail-covered altar of Cheibriados.
  6444 | D:8      | Found a shimmering altar of Xom.
  6516 | D:8      | Gained mutation: You are weak. (Str -2) [mutagenic meat]
  6517 | D:8      | Gained mutation: You are partially covered in large bone plates (AC +2, SH +2). [mutagenic meat]
  6567 | D:8      | Gained mutation: You have a pair of large horns on your head. [mutagenic meat]
  6568 | D:8      | Gained mutation: You have sharp fingernails. [mutagenic meat]
  6569 | D:8      | Gained mutation: You are surrounded by a mild repulsion field (EV +2). [mutagenic meat]
  6571 | D:8      | Gained mutation: You are very weak. (Str -4) [mutagenic meat]
  6572 | D:8      | Gained mutation: Your body sometimes deteriorates upon taking damage. [mutagenic meat]
  6755 | D:8      | Reached **** piety under Okawaru
  6816 | D:8      | Found Biad's Distillery.
  6826 | D:8      | Noticed Maurice
  6868 | D:8      | Killed Maurice
  7103 | D:8      | Found an iron altar of Okawaru.
  7486 | D:8      | Found a stormy altar of Qazlal.
  7547 | D:9      | Reached skill level 10 in Armour
  7876 | D:10     | Entered Level 10 of the Dungeon
  7973 | D:10     | Noticed a hill giant
  7995 | D:10     | Killed a hill giant
  7995 | D:10     | Reached skill level 10 in Long Blades
  8030 | D:10     | Reached ***** piety under Okawaru
  8226 | D:10     | Found Sago's Armour Boutique.
  8278 | D:10     | Noticed a hill giant
  8293 | D:10     | Killed a hill giant
  8778 | D:9      | HP: 2/91 [something (4)]
  8782 | D:9      | Slain by an unseen horror

Vault maps used:
D:1:      saegor_arrival_under_anarchy, st_stairs_3
D:2:      kennysheep_goblin_castle, lemuel_coloured_pillars_altar,
          okawaru_gym_becter
D:3:      grunt_pakellas_basics, uniq_iyjb
D:4:      tgw_trog, serial_shops, shop
D:5:      first_bread, sigmund_army, uniq_duvessa, uniq_blork_the_orc
D:6:      gammafunk_temple_overflow_wave, basic_altar, gup_sewer_entry_bowl,
          minmay_ruffians, uniq_sigmund
D:7:      minmay_temple_entry_statues_pillars, hangedman_decor_growths
D:8:      nicolae_overflow_hidden_temple, lemuel_crystal_altar, serial_shops,
          nicolae_shop_behind_doors, nicolae_shop_waterfront, shop, uniq_maurice
D:9:      hangedman_little_slice_of_home, serial_bayou_ford_a,
          hangedman_decor_opposing
D:10:     serial_shops, shop
Sewer:    sewer_the_crocodile

Action                   |  1- 3 |  4- 6 |  7- 9 | 10-12 || total
-------------------------+-------+-------+-------+-------++-------
Melee: Long sword        |   114 |   139 |   426 |   359 ||  1038
       Falchion          |       |       |       |    31 ||    31
Throw: Stone             |       |     3 |     6 |     7 ||    16
       Tomahawk          |       |       |       |     4 ||     4
Invok: Heroism           |       |     2 |    14 |     7 ||    23
Evoke: Wand              |       |     1 |     1 |     2 ||     4
  Use: Scroll            |     1 |     1 |    13 |     5 ||    20
       Potion            |       |       |     9 |     1 ||    10
  Eat: Chunk             |     1 |     5 |     8 |    15 ||    29
       Bread ration      |       |     1 |       |     1 ||     2
       Fruit             |       |       |     1 |       ||     1
